Map: Acropolis LE

Players

halflings

  • Race: Zerg Zerg
  • League: Platinum
  • Spawn Location: 11:00

pzlin - Winner!

  • Race: Protoss Protoss
  • League: Diamond
  • Spawn Location: 5:00

VOD

Have the link to the VOD?

Description

Time

  • Played on: Sept. 7, 2019, 3:28 p.m.
  • Length: 10:15
Show
View Real Time Build Order
Export as new Build Order

halflings Zerg 

Build Orders: Hatch First 

Get SALT Encoding   

  12  0:01  Drone  
  13  0:13  Overlord  
  13  0:16  Drone  
  14  0:31  Drone x2  
  14  0:35  Drone  
  17  0:54  Hatchery  
  17  0:55  Drone  
  17  1:10  Spawning Pool  
  16  1:12  Drone  
  16  1:16  Drone  
  18  1:20  Drone  
  19  1:28  Drone  
  20  1:36  Extractor  
  20  1:39  Overlord  
  19  1:58  Drone  
  19  2:01  Queen  
  22  2:03  Drone  
  22  2:06  Drone  
  22  2:07  Queen  
  26  2:11  Drone  
  27  2:19  Drone  
  27  2:22  Drone  
  29  2:27  Drone  
  30  2:32  Overlord  
  30  2:49  Hatchery  
  30  2:51  Drone x3  
  30  2:56  Drone  
  33  3:00  Drone  
  34  3:06  Drone  
  34  3:11  Drone  
  36  3:16  Queen  
  36  3:17  Evolution Chamber, Drone  
  38  3:20  Lair  
  38  3:21  Drone x3  
  41  3:33  Drone x3  
  41  3:34  Overlord  
  44  3:35  Overlord  
  44  3:48  Extractor  
  44  3:51  Extractor  
  44  3:52  Overlord  
  44  3:53  Drone x2  
  44  3:54  Roach Warren  
  44  3:55  Zerg Missile Weapons Level 1  
  43  3:58  Drone x2  
  45  4:07  Drone  
  45  4:08  Overlord, Drone x2  
  48  4:10  Drone x3  
  51  4:24  Drone  
  51  4:25  Drone x3  
  55  4:35  Glial Reconstitution  
  55  4:37  Roach x6  
  67  4:41  Overseer  
  67  4:43  Roach  
  67  4:45  Overlord  
  69  4:46  Drone  
  69  4:51  Roach  
  72  4:53  Overseer  
  72  5:00  Roach  
  72  5:01  Roach  
  76  5:15  Hatchery  
  75  5:33  Overlord  
  75  5:40  Overlord  
  75  5:41  Roach x2  
  75  5:42  Roach x2  
  83  5:49  Hatchery  
  82  5:51  Extractor  
  83  5:57  Roach x3  
  83  6:02  Hydralisk Den  
  83  6:03  Spore Crawler  
  85  6:10  Spine Crawler  
  84  6:17  Overlord  
  81  6:19  Roach x2  
  85  6:31  Drone x3  
  85  6:32  Roach x5, Zerg Missile Weapons Level 2  
  98  6:43  Hydralisk x2  
  102  6:52  Hydralisk  
  104  6:54  Overlord  
  104  6:55  Overlord x2  
  104  7:04  Roach x2  
  108  7:18  Ravager x2  
  108  7:20  Roach x3  
  116  7:31  Roach x3  
  116  7:32  Roach x2  
  116  7:36  Drone  
  127  7:38  Drone x3  
  127  7:42  Drone x4  
  134  7:52  Evolution Chamber  
  134  7:55  Queen  
  135  7:59  Overlord x2  
  135  8:05  Spore Crawler  
  134  8:07  Spine Crawler  
  134  8:08  Drone x3  
  134  8:09  Overlord x2  
  136  8:20  Zerg Ground Armor Level 1, Roach, Hydralisk  
  136  8:21  Hydralisk x6  
  115  8:43  Roach x4  
  115  8:44  Roach x2  
  115  8:45  Roach  
  115  8:46  Roach x2  
  115  8:47  Roach  
  125  8:49  Roach  
  125  8:50  Zergling x2  
  126  8:56  Roach x2  
  126  8:58  Hydralisk x2  
  132  9:13  Extractor  
  132  9:14  Extractor  
  130  9:29  Hydralisk  
  130  9:30  Hydralisk x4  
  140  9:31  Hatchery  
  128  9:41  Hydralisk x2  
  128  9:42  Roach  
  94  9:47  Hydralisk  
  94  9:50  Zergling x12  
  94  9:51  Zergling x10  
  94  9:52  Zergling x2  
Show
View Real Time Build Order
Export as new Build Order

pzlin Protoss - Winner!

Build Orders: 1 Gate Expand, Archon Immortal, Archon Drop, Dark Templar Rush 

Get SALT Encoding   

  12  0:00  Probe  
  13  0:13  Probe  
  14  0:20  Pylon  
  14  0:25  Probe  
  15  0:34  Probe  
  15  0:39  Gateway  
  15  0:42  Probe  
  16  0:49  Assimilator  
  17  0:53  Probe  
  18  1:05  Probe  
  19  1:18  Probe  
  20  1:25  Nexus  
  20  1:34  Cybernetics Core  
  20  1:36  Probe  
  21  1:45  Assimilator  
  21  1:49  Probe  
  21  1:52  Pylon  
  22  2:01  Probe, Adept  
  23  2:12  Warp Gate  
  23  2:13  Probe  
  26  2:25  Probe  
  26  2:26  Twilight Council, Stalker  
  27  2:35  Probe  
  29  2:37  Probe  
  29  2:43  Probe  
  31  2:49  Probe  
  33  2:54  Probe, Robotics Facility  
  34  3:05  Probe  
  35  3:06  Probe  
  36  3:17  Probe  
  36  3:18  Probe  
  38  3:25  Dark Shrine  
  38  3:33  Probe x2  
  40  3:37  Gateway  
  40  3:38  Warp Prism  
  40  3:42  Gateway  
  40  3:43  Gateway  
  40  3:54  Probe x2  
  44  3:56  Assimilator  
  44  3:59  Assimilator  
  44  4:06  Probe x2  
  44  4:09  Pylon  
  46  4:14  Pylon  
  46  4:27  Probe x2  
  48  4:39  Probe x2  
  48  4:40  Dark Templar  
  48  4:41  Dark Templar x3  
  58  4:50  Pylon  
  58  4:56  Nexus  
  58  5:10  Probe x2  
  58  5:13  Observer  
  61  5:20  Forge  
  61  5:23  Probe x2  
  61  5:25  Pylon  
  61  5:26  Pylon  
  63  5:30  Gateway x2  
  63  5:32  Archon x2  
  63  5:36  Pylon  
  63  5:37  Probe x2  
  65  5:43  Sentry x3  
  65  5:45  Sentry  
  65  5:49  Probe x2  
  75  5:53  Immortal  
  79  5:59  Gateway  
  79  6:04  Gateway  
  79  6:05  Probe  
  79  6:10  Protoss Ground Weapons Level 1  
  80  6:14  Probe x2  
  80  6:15  Zealot  
  80  6:17  Probe  
  85  6:23  Charge  
  85  6:26  Probe  
  85  6:27  Zealot x5  
  96  6:35  Immortal  
  96  6:41  Sentry  
  96  6:42  Probe x3  
  105  6:54  Probe x3  
  105  7:01  Pylon x2  
  108  7:03  Pylon  
  108  7:04  Pylon  
  108  7:06  Pylon  
  104  7:19  Immortal  
  104  7:22  Nexus  
  108  7:25  Pylon, Sentry  
  108  7:26  Sentry  
  112  7:34  Templar Archives  
  112  7:38  Gateway  
  112  7:41  Pylon x2  
  112  7:42  Zealot x2  
  116  7:44  Sentry  
  116  7:45  Sentry  
  116  7:47  Probe x2  
  116  7:48  Probe  
  123  7:52  Photon Cannon  
  127  7:58  Immortal  
  127  8:01  Zealot x4  
  135  8:08  Adept  
  137  8:15  Zealot x2  
  137  8:16  Zealot  
  137  8:30  Zealot x3  
  137  8:31  Zealot x2  
  134  8:45  Zealot x4  
  142  8:52  Immortal  
  142  8:55  Probe x4  
  150  9:00  Photon Cannon  
  150  9:01  Pylon  
  150  9:05  Gateway x2  
  150  9:07  Gateway, Probe x4, Assimilator  
  150  9:09  Assimilator  
  154  9:11  Pylon  
  154  9:15  High Templar x7  
  168  9:17  Zealot x2  
  168  9:19  Archon x3  
  168  9:42  Zealot x2  
  144  9:51  Zealot x7  
Tags
 
Add a new tag
Caveats
  • Supply blocks, unpowered buildings, or Contaminate may cause inaccurate times.
  • Supply counts are checked every 10 seconds.